Unix NetHack Version 5.0.0-0 post-release - last build Jun 10 2026 00:39:30 (3ee93aec679c4c4259841fe613dc97188e26a321,branch:main).

Game began 2026-06-15 18:36:45, ended 2026-06-15 19:11:37.

CyberFan, neutral male human Tourist

      ---       ---- --------------------------------------- ---
    ---.---     |..---.....................................|--.--
    |.....---- --......---------------.--#----------------.||...|
  ---........--|...---.|....*....................0.......|0||...|
---...........||.--- |.|.------------......-------------.|.|---.--
|.............--.|   |.|.|...|...|..|..%...|0(.|...|...|.|.| |...|
|............|...|   |.|.|...|...|..+......|...|.(.|.0.|.#.|--...|
--.......----|.---   |.#.|...|...|..|......|...*...|...|.|.||...--
--......--   |.|     |.|.--|---.-----......--.--...|...|.|.||.|.|
|.......|    |.|---  |.|..*.................0..--|---.--.|.||.|.|
--......------.--.|  |.|.*......[{........{...........)..|.||.|.|
--...>.|..........| --.|0..).......--.[.--.....--+---|--.|)||.|.| ----
|......|.----.....|--..|.--|------.|.`.*)|.----|...|...|.|.||.|.|--..|  ---
--.........||...--|....|.|.......|.|)....|.|...|...|...|.|.||.|.--...|  |.----
 |........----.-- |.--.|.|.0..|(/..|..)*.|.....|.......|[|.||.|.d...--  |..|.--
 |..--...--  ---  |.|..|.|....|..|.|.0...|.|...|...|...|.|.--.|)@...|   --)...|
 |..------      --|.|..|.---------.-------.-------------[[..)).[i...------...--
 |...|          |.|...)#..................0..............|..--|@.--..........|
 |...|          |......----------#------------#-----------).| |..|------------
 -----          --..--...........0.0....................[(.-- |.--
                 -------------------------------------------  ---
CyberFan the Excursionist   St:12 Dx:12 Co:16 In:12 Wi:11 Ch:14  Neutral
Dlvl:7  $:904 HP:0(56) Pw:26(26) AC:1  Xp:7/1235 T:4541 

Latest messages:
 The 2nd runed arrow misses you.
 The large dog picks up an arrow.
 You see here a crude dagger.
 The Woodland-elf shoots 3 runed arrows!
 You are hit by the 1st runed arrow.
 You are almost hit by the 2nd runed arrow.
 You are hit by the 3rd runed arrow.
 The large dog misses the Woodland-elf.
 The Woodland-elf wields a runed short sword!
 The large dog misses the Woodland-elf.
 The gnome picks up 3 poisoned crude arrows.
 The large dog drops an arrow.
 The large dog misses the Woodland-elf.
 You miss the Woodland-elf.
 The Woodland-elf thrusts her runed short sword.
 The Woodland-elf hits!
 The large dog misses the Woodland-elf.
 You hit the Woodland-elf.
 The Woodland-elf thrusts her runed short sword.
 The Woodland-elf hits!
 The large dog misses the Woodland-elf.
 You miss the Woodland-elf.
 The tengu appears next to you!
 The Woodland-elf thrusts her runed short sword.
 The Woodland-elf hits!
 The large dog bites the Woodland-elf.
 What do you want to use or apply? [eikloyBHY or ?*]
 In what direction?
 The Woodland-elf is blinded by the flash!
 The Woodland-elf turns to flee.
 The tengu misses!
 You hit the Woodland-elf!
 The tengu bites!
 The large dog picks up a runed arrow.
 The large dog bites the tengu.
 The tengu bites the large dog.
 The large dog bites the tengu.
 What do you want to read? [abnsuwzACDINR or ?*]
 As you read the scroll, it disappears.
 You shudder for a moment.
 The tengu bites!
 The large dog drops a runed arrow.
 The large dog bites the tengu.
 The large dog misses the Woodland-elf.
 The large dog misses the Woodland-elf.
 What do you want to use or apply? [eikloyBHY or ?*]
 In what direction?
 The tengu is blinded by the flash!
 The tengu bites!
 You die...

Inventory:
 Coins    ('$')
  $ - 904 gold pieces
 Weapons  (')')
  t - a blessed +0 scimitar (weapon in right hand)
 Armor    ('[')
  X - an uncursed +0 dwarvish iron helm (being worn)
  P - an uncursed +0 pair of iron shoes (being worn)
  q - an uncursed +0 Uruk-hai shield (being worn)
  L - an uncursed +0 dwarvish cloak (being worn)
  j - an uncursed +0 Hawaiian shirt with a sea turtle motif (being worn)
  F - an uncursed +0 scale mail (being worn)
 Comestibles  ('%')
  Q - an uncursed jackfruit
  d - 2 uncursed pancakes
 Scrolls  ('?')
  n - 3 uncursed scrolls of blank paper
  A - a cursed scroll of create monster
  I - a cursed scroll of destroy armor
  u - an uncursed scroll of enchant weapon
  b - a cursed scroll of enchant weapon
  z - a cursed scroll of food detection
  w - an uncursed scroll of gold detection
  a - a blessed scroll of identify
  C - 2 uncursed scrolls of identify
  R - an uncursed scroll of light
  N - an uncursed scroll of remove curse
  s - an uncursed scroll of scare monster
  D - a cursed scroll of teleportation
 Potions  ('!')
  x - an uncursed potion of fruit juice
  O - an uncursed potion of polymorph
 Rings    ('=')
  T - an uncursed +1 ring of increase damage (on right hand)
  E - an uncursed ring of searching
 Wands    ('/')
  Y - an uncursed wand of digging (0:2)
  o - an uncursed wand of light (0:5)
  B - an uncursed wand of magic missile (0:0)
  i - an uncursed wand of striking (0:0)
 Tools    ('(')
  l - an uncursed credit card
  k - an uncursed expensive camera (0:38)
  y - an uncursed expensive camera (0:37)
  e - an uncursed towel
 Gems/Stones  ('*')
  f - 2 uncursed garnet stones
  W - an uncursed opal
  U - 3 uncursed worthless pieces of black glass
  p - an uncursed worthless piece of blue glass
  Z - 2 uncursed worthless pieces of green glass
  J - 2 uncursed worthless pieces of orange glass
  h - an uncursed worthless piece of red glass
  H - an uncursed luckstone

CyberFan the Tourist's attributes:

Background:
 You were an Excursionist, a level 7 male human Tourist.
 You were neutral, on a mission for The Lady
 who was opposed by Blind Io (lawful) and Offler (chaotic).
 You were right-handed.
 You were in the Gnomish Mines, on level 7.
 You entered the dungeon 4541 turns ago.
 There was a new moon in effect when your adventure ended.
 You had 1235 experience points, 45 more were needed to attain level 8.

Basics:
 You had 0 out of 56 hit points.
 You had all 26 energy points (spell power).
 Your armor class was 1.
 Your wallet contained 904 zorkmids.
 Autopickup was on for '$%?!"=/*' plus thrown, with exceptions.

Final Characteristics:
 Your strength was 12 (peak:14, limit:18/100).
 Your dexterity was 12 (limit:18).
 Your constitution was 16 (limit:18).
 Your intelligence was 12 (limit:18).
 Your wisdom was 11 (limit:18).
 Your charisma was 14 (limit:18).

Final Status:
 You weren't hungry.
 You were unencumbered.
 You were wielding a saber.
 You had basic skill with saber and could have enhanced that.

Final Attributes:
 You were piously aligned.
 Your items were somewhat protected from fire.
 Your items were somewhat protected from cold.
 You had a small damage bonus (+1).
 You were warded.
 Your spell casting was impaired by metallic armor.
 You were lucky.
 You had extra luck.
 Bad luck did not time out for you.
 Good luck did not time out for you.
 You are dead.

Miscellaneous:
 You disabled loading and storing of bones levels.
 Total elapsed playing time was 34 minutes and 51 seconds.

Major events:
 Turn
    1: CyberFan the neutral male human Tourist entered the dungeon
  927: entered the Gnomish Mines
  961: attained the rank of Sightseer (level 3)
 1946: reached Mine Town
 2048: attained the rank of Excursionist (level 6)
 4541: killed by a tengu

Spells:
 Name                 Level Category     Fail Retention
 light                  1   divination   100%  76%-100%

Skills:
 Fighting Skills
   bare handed combat [Unskilled]
   two weapon combat  [Unskilled]
   riding             [Unskilled]
 Weapon Skills
   dagger             [Unskilled]
   knife              [Unskilled]
   axe                [Unskilled]
   pick-axe           [Unskilled]
   short sword        [Unskilled]
   broadsword         [Unskilled]
   long sword         [Unskilled]
   two-handed sword   [Unskilled]
   saber              [Basic]
   mace               [Unskilled]
   morning star       [Unskilled]
   flail              [Unskilled]
   hammer             [Unskilled]
   quarterstaff       [Unskilled]
   polearms           [Unskilled]
   spear              [Unskilled]
   trident            [Unskilled]
   lance              [Unskilled]
   bow                [Unskilled]
   sling              [Unskilled]
   crossbow           [Unskilled]
   dart               [Skilled]
   shuriken           [Unskilled]
   boomerang          [Unskilled]
   whip               [Unskilled]
   unicorn horn       [Unskilled]
 Spellcasting Skills
   divination spells  [Unskilled]
   enchantment spells [Unskilled]
   escape spells      [Unskilled]

Voluntary challenges:
 Character rerolling was not enabled.
 You never genocided any monsters.
 You never polymorphed an object.
 You never changed form.
 You used no wishes.
Achievements:
 You entered a shop.
 You entered the Gnomish Mines.
 You attained the rank of Sightseer.
 You entered Minetown.
 You attained the rank of Excursionist.

 The Dungeons of Doom: levels 1 to 6
    Level 1:
       An altar.
    Level 2:
       Some fountains.
    Level 3:
       A general store.
       Stairs down to The Gnomish Mines.
    Level 4:
       A grave.
    Level 5:
       A sink.
    Level 6:
       A throne, a fountain, a grave.
 The Gnomish Mines: levels 4 to 7
    Level 4:
    Level 5:
    Level 6:
    Level 7: <- You were here.
       An altar to The Lady, some fountains.
       Final resting place for
          you, killed by a tengu.


Vanquished creatures:
  3 orc-captains
  a black light
  a gnome ruler
  3 Green-elves
  a dingo
  2 dogs
  a housecat
  a soldier ant
  a bugbear
  a Mordor orc
  4 Uruk-hai
  6 orc shamans
  3 ponies
  5 gnome leaders
  a kobold mummy
  a paper golem
  a giant ant
  6 dwarves
  a homunculus
  2 kobold leaders
 12 hill orcs
  a wererat
  3 hobbits
  3 hobgoblins
  2 giant rats
  a brown mold
  a yellow mold
  2 green molds
  a red mold
 26 gnomes
  4 garter snakes
  2 gnome zombies
  2 geckos
  2 kobolds
  2 goblins
  4 sewer rats
  5 grid bugs
  4 bats
  7 lichens
  3 newts
132 creatures vanquished.

No species were genocided or became extinct.

Game over:
                       ----------
                      /          \
                     /    REST    \
                    /      IN      \
                   /     PEACE      \
                  /                  \
                  |     CyberFan     |
                  |      904 Au      |
                  |   killed by a    |
                  |      tengu       |
                  |                  |
                  |                  |
                  |       2026       |
                 *|     *  *  *      | *
        _________)/\\_//(\/(/\)/\//\/|_)_______

Aloha CyberFan the Tourist...

You died in The Gnomish Mines on dungeon level 7 with 5603 points,
and 904 pieces of gold, after 4541 moves.
You were level 7 with a maximum of 56 hit points when you died.

